AoeStats
← Sandy_2003

Northern Isles

510470763Analyzed
1v1 RM · 2d ago on Oct 1, 2026· 26m 5s· 2 players
Game mode
Random Map
Map size
Tiny (2 player)
Population
200
Speed
Normal
Resources
Standard
Victory
Conquest
Starting age
Dark Age
Ending age
Imperial Age
RankedLock teamsTeams togetherTeam positionsShared explorationLock speedFull tech treeHidden civsTurbo modeCheats
Victory
Defeat
🇦🇺 Berbers · Australia
1218
+17
🇲🇴 Byzantines · Macao SAR China
1232
-17
Sandy_2003
8:39 Loom
10:51 Feudal Age
12:12 Double-Bit Axe
13:32 Horse Collar
20:53 Castle Age
19:01 Fletching
20:39 Gold Mining
21:47 Bodkin Arrow
22:06 Medium Warships
24:39 Bow Saw
26:40 Bloodlines
SamsonEmperor
10:55 Feudal Age
9:12 Loom
11:47 Double-Bit Axe
19:32 Horse Collar
19:44 Gold Mining
26:10 Castle Age
24:46 Wheelbarrow
Connection lost

Rejoining the realm…

Still unreachable

The connection could not be restored.

Session expired

The server has moved on; the page needs a fresh start.